General information
- name: BNet
- type: Ladder 1vs1/FFA
- host: Battle.net
- saver: kunt.roII
map: TerenasStand
- players: 2
- length: 18:15
- speed: Fast
- version: 1.21 W3XP
- replay type: Public
» download(82 KB)
Players
team 1 (winner)
kunt.roII (
teal | 138 APM | 2517 actions | 18:15)
4 Death Knight
2 Death Coil
2 Unholy Aura
4 Naga Sea Witch
2 Frost Arrows
2 Forked Lightning
2 Lich
1 Frost Nova
1 Frost Armor
» actions
| Assign group hotkey | 31 | |
| Basic commands | 65 | |
| Build / train | 70 | |
| ESC pressed | 5 | |
| Enter build submenu | 15 | |
| Enter hero's abilities submenu | 11 | |
| Give item / drop item | 4 | |
| Right click | 1053 | |
| Select / deselect | 405 | |
| Select group hotkey | 770 | |
| Use ability | 88 | |
2517 total
» units
| Acolyte | 11 | |
| Ghoul | 15 | |
| Gargoyle | 4 | |
| Obsidian Statue | 2 | |
| Abomination | 2 | |
| Crypt Fiend | 2 | |
36 total
» upgrades
| Unholy Strength | 2 | |
| Ghoul Frenzy | 1 | |
| Destroyer Form | 1 | |
| Web | 1 | |
5 total
» buildings
| Crypt | 1 | |
| Altar of Darkness | 1 | |
| Ziggurat | 5 | |
| Tomb of Relics | 1 | |
| Halls of the Dead | 1 | |
| Graveyard | 1 | |
| Nerubian Tower | 1 | |
| Black Citadel | 2 | |
| Slaughterhouse | 1 | |
14 total
» build order
00:08 Crypt
00:13 Altar of Darkness
00:25 Ziggurat
01:20 Tomb of Relics
01:40 Ziggurat
03:16 Halls of the Dead
03:42 Graveyard
04:00 Nerubian Tower
04:29 Ziggurat
06:09 Black Citadel
06:43 Slaughterhouse
09:13 Ziggurat
14:52 Ziggurat
» items
| Rod of Necromancy | 4 | |
| Dust of Appearance | 1 | |
| Scroll of Town Portal | 4 | |
| Orb of Corruption | 1 | |
| Scroll of Healing | 1 | |
11 total
team 2 (loser)
Press (
blue | 218 APM | 3985 actions | 18:14)
4 Far Seer
2 Feral Spirit
2 Chain Lighting
4 Tauren Chieftain
2 War Stomp
2 Endurance Aura
» actions
| Assign group hotkey | 42 | |
| Basic commands | 259 | |
| Build / train | 64 | |
| Enter build submenu | 17 | |
| Enter hero's abilities submenu | 8 | |
| Give item / drop item | 1 | |
| Remove unit from queue | 2 | |
| Right click | 904 | |
| Select / deselect | 487 | |
| Select group hotkey | 2108 | |
| Use ability | 93 | |
3985 total
» units
| Peon | 12 | |
| Grunt | 9 | |
| Raider | 5 | |
| Troll Batrider | 4 | |
| Kodo Beast | 1 | |
| Wind Rider | 1 | |
32 total
» upgrades
| Berserker Strength | 1 | |
| Ensnare | 1 | |
| Pillage | 1 | |
| Armor | 1 | |
4 total
» buildings
| Altar of Storms | 1 | |
| Orc Burrow | 6 | |
| Barracks | 1 | |
| Stronghold | 1 | |
| Voodoo Lounge | 1 | |
| Beastiary | 2 | |
| War Mill | 1 | |
| Great Hall | 3 | |
16 total
» build order
00:05 Altar of Storms
00:16 Orc Burrow
00:40 Barracks
01:26 Orc Burrow
02:31 Stronghold
03:00 Voodoo Lounge
03:27 Orc Burrow
05:14 Beastiary
05:40 Beastiary
06:13 Orc Burrow
07:05 War Mill
08:17 Great Hall
09:03 Orc Burrow
10:25 Orc Burrow
12:05 Great Hall
14:45 Great Hall
» items
| Healing Salve | 5 | |
| Scroll of Speed | 1 | |
| Scroll of Town Portal | 2 | |
| Scroll of Healing | 3 | |
| Lesser Clarity Potion | 1 | |
12 total
Chat log
(05:06 / All) kunt.roII: gazuy